 Dungeon Crawl Stone Soup version 0.25-a0-547-g27a0b5d1ef (webtiles) character file.

Game seed: 2243815502230278661, levelgen mode: deterministic

55 vurker the Gusty (level 3, -5/15 HPs)
             Began as a Felid Air Elementalist on Feb 21, 2020.
             Slain by a worker ant (6 damage)
             ... on level 2 of the Dungeon.
             The game lasted 00:02:19 (2549 turns).

vurker the Gusty (Felid Air Elementalist)           Turns: 2549, Time: 00:02:19

Health: -5/15      AC:  1    Str:  2 (4)  XL:     3   Next: 67%
Magic:  1/8        EV: 18    Int: 16 (17) God:
Gold:   168        SH:  0    Dex: 15 (16) Spells: 6/7 levels left
                                        Lives:  0   Deaths: 0

rFire    . . .     SeeInvis +   (weapon unavailable)
rCold    . . .     Gourm    .   (shield unavailable)
rNeg     . . .     Faith    .   (armour unavailable)
rPois    .         Spirit   .   (helmet unavailable)
rElec    .         Reflect  .   (cloak unavailable)
rCorr    .         Harm     .   (gloves unavailable)
MR       .....                  (boots unavailable)
Stlth    ++........             (no amulet)
HPRegen  0.05/turn              d - ring of attention (curse)
MPRegen  0.11/turn              (no ring)

@: lethally poisoned (-5 -> -14), very slightly contaminated, quick
A: very small, no armour, no weapons or thrown items, stealth, claws 1, fangs 3,
see invisible, carnivore, speed 1, shaggy fur 1, slow metabolism 1, sharp paws
a: no special abilities


You were on level 2 of the Dungeon.
You were very full.

You visited 1 branch of the dungeon, and saw 2 of its levels.

You collected 168 gold pieces.

Inventory:

Jewellery
 d - a cursed ring of attention (left paw)
   (You found it on level 1 of the Dungeon)
Scrolls
 b - a scroll of teleportation {unknown}
 c - a scroll of amnesia {unknown}
Comestibles
 a - 9 chunks of flesh
 e - 6 rations


   Skills:
 + Level 1.1 Fighting
 - Level 2.6 Dodging
 - Level 2.6 Stealth
 * Level 2.6 Spellcasting
 + Level 1.4 Conjurations
 * Level 3.3 Air Magic


You had 6 spell levels left.
You knew the following spells:

 Your Spells              Type           Power        Failure   Level  Hunger
a - Shock                 Conj/Air       #...         8%          1    #......

Your spell library contained the following spells:

 Spells                   Type           Power        Failure   Level  Hunger
 Swiftness                Chrm/Air       #.......     16%         2    ##.....
 Static Discharge         Conj/Air       #.......     22%         3    ###....
 Airstrike                Air            ##........   45%         4    #####..
 Lightning Bolt           Conj/Air       #.........   90%         5    ######.


Dungeon Overview and Level Annotations

Branches:
Dungeon (2/15)

Altars:
Ashenzari
Elyvilon


Innate Abilities, Weirdness & Mutations

You cannot wear armour.
You are incapable of wielding weapons or throwing items.
Your paws allow you to move quietly. (Stealth)
You have sharp claws.
You have razor-sharp teeth.
You have supernaturally acute eyesight. (SInv)
You are carnivorous and can eat meat at any time.
You cover ground quickly.
You are covered in fur. (AC +1)
You have a slow metabolism.
Your sharp claws are effective at attacking unaware monsters.


Message History

The zap misses the quokka.
The zap hits the quokka.
The zap hits the quokka.
You kill the quokka!
You can't see any susceptible monsters within range! (Use Z to cast anyway.)
You can't see any susceptible monsters within range! (Use Z to cast anyway.)
You can't see any susceptible monsters within range! (Use Z to cast anyway.)
Found a stone staircase leading up.
Found 8 gold pieces.
You see here a quokka corpse.
You butcher the quokka corpse.
a - 9 chunks of flesh (gained 2)
You see here a quokka skeleton. x2
You now have 168 gold pieces (gained 8).
There is a stone staircase leading up here.
A worker ant comes into view.
A worker ant is nearby!
A worker ant is nearby!
Aim: a worker ant (resting)
The zap hits the worker ant.
The worker ant twitches its antennae in your direction.
Aim: a worker ant The zap hits the worker ant.
Aim: a worker ant (lightly wounded)
The zap hits the worker ant but does no damage.
A worker ant is nearby!
Aim: a worker ant (lightly wounded)
The zap hits the worker ant.
A worker ant is nearby!
Aim: a worker ant (moderately wounded)
The zap hits the worker ant.
The worker ant misses you.
Aim: a worker ant (heavily wounded)
The zap hits the worker ant.
The worker ant bites you but does no damage.
The worker ant barely misses you.
A worker ant is nearby!
Aim: a worker ant (heavily wounded)
The zap hits the worker ant.
The worker ant bites you!
Aim: a worker ant (heavily wounded)
You miscast Shock.
You are very lightly contaminated with residual magic.
Sparks fly from your paws! The worker ant bites you.
* * * LOW HITPOINT WARNING * * *
You are lethally poisoned!
The worker ant poisons you!
Unknown command.
You aren't carrying any potions.
You barely miss the worker ant.
* * * LOW HITPOINT WARNING * * *
You feel sick. The worker ant bites you.
You die...

#.###<####
#.#......#
#.....##.#
###.#..#.#
...#..#.#
#####..#.#####
#..#.....#
########.##
#..@......#
##a######## #.
#. #. #. .. #.


You could see a worker ant.

Vanquished Creatures
  2 worms (D:2)
  A dart slug (D:1)
  5 goblins (D:1)
  7 hobgoblins
  4 jackals (D:1)
  2 quokkas (D:2)
  2 ball pythons
  5 bats
  A frilled lizard (D:1)
  8 kobolds (D:1)
  7 rats
44 creatures vanquished.

Vanquished Creatures (others)
  A quokka (D:2)
1 creature vanquished.

Grand Total: 45 creatures vanquished

Notes
Turn   | Place    | Note
-------+----------+-------------------------------------------
     0 | D:1      | vurker the Felid Air Elementalist began the quest for the
                  | Orb.
     0 | D:1      | Reached XP level 1. HP: 7/7 MP: 4/4
    63 | D:1      | Reached skill level 1 in Conjurations
   297 | D:1      | Reached XP level 2. HP: 3/12 MP: 0/6
   591 | D:1      | Reached skill level 3 in Air Magic
   945 | D:1      | Reached XP level 3. HP: 15/15 MP: 4/7
  1089 | D:1      | Reached skill level 1 in Fighting
  1981 | D:2      | Found a white marble altar of Elyvilon.
  2396 | D:2      | Found a shattered altar of Ashenzari.
  2549 | D:2      | Slain by a worker ant

Levels and vault maps discovered:
D:1:      dpeg_arrival_signposts, layout_basic
D:2:      layout_basic, elyvilon_altar_4, ashenzari_altar_1,
          uniq_crazy_yiuf_cottage

Skill      XL: |  1  2  3 |
---------------+----------+-----
Conjurations   | 1 |  1.4
Air Magic      | 3 |  3.3
Fighting       | 1 |  1.1
Dodging        | |  2.6
Stealth        | |  2.6
Spellcasting   | |  2.6

Action                   || total
-------------------------++-------
Melee: Unarmed           ||    40
       Bite              ||     5
 Cast: Shock             ||   105
  Use: Scroll            ||     2
       Potion            ||     2
  Eat: Chunk             ||    11
Armor: Skin              ||     2
Dodge: Dodged            ||    49

Table legend:
 A = Non-vault XP
 B = Vault XP
 C = Vault XP percentage of total XP
 D = Non-vault monster count
 E = Vault monster count
 F = Vault count percentage of total count
                 A         B        C        D         E       F
            +---------+---------+-------+---------+---------+-------
      Total |      79 |       0 |   0.0 |      44 |       0 |   0.0
            +---------+---------+-------+---------+---------+-------
        D:1 |      52 |       0 |   0.0 |      32 |       0 |   0.0
        D:2 |      27 |       0 |   0.0 |      12 |       0 |   0.0
            +---------+---------+-------+---------+---------+-------
